 Dungeon Crawl Stone Soup version 0.26.0-16-gc1dbca0489 (webtiles) character file.

Game seed: 13240223561875533986

25 kaeus the Sneak (level 3, 0/21 HPs)
             Began as an Octopode Hedge Wizard on Jan 22, 2021.
             Slain by a kobold (1 damage)
             ... on level 1 of the Dungeon.
             The game lasted 00:01:28 (878 turns).

kaeus the Sneak (Octopode Hedge Wizard)              Turns: 878, Time: 00:01:29

Health: 0/21       AC:  1    Str:  9    XL:     3   Next: 6%
Magic:  7/7        EV: 13    Int: 17    God:
Gold:   35         SH:  0    Dex: 11    Spells: 3/8 levels left

rFire    . . .     SeeInvis .   d - +2 dagger (flame)
rCold    . . .     Faith    .   (no shield)
rNeg     . . .     Spirit   .   b - +0 hat
rPois    .         Reflect  .   (no amulet)
rElec    .         Harm     .   (no ring)
rCorr    .         Rampage  .   (no ring)
Will     .....                  (no ring)
Stlth    +++.......             (no ring)
HPRegen  0.07/turn              (no ring)
MPRegen  0.10/turn              (no ring)
                                (no ring)
                                (no ring)

@: no status effects
A: almost no armour, stealthy swim, amphibious, 8 rings, constrict 8, camouflage
1, gelatinous body 1
a: no special abilities


You were on level 1 of the Dungeon.
You visited 1 branch of the dungeon, and saw 1 of its levels.

You collected 35 gold pieces.

Inventory:

Hand Weapons
 a - a +0 dagger
 d - a +2 dagger of flaming (weapon)
Armour
 b - a +0 hat (worn)
Potions
 c - a potion of degeneration {unknown}


   Skills:
 - Level 2.1 Dodging
 + Level 3.4 Stealth
 + Level 3.2 Spellcasting
 - Level 1.0 Conjurations
 + Level 0.6 Hexes
 + Level 1.6 Summonings
 - Level 1.0 Translocations


You had 3 spell levels left.
You knew the following spells:

 Your Spells              Type           Power        Failure   Level
a - Magic Dart            Conj           24%          12%         1
b - Call Imp              Summ           8%           13%         2
c - Slow                  Hex            5%           21%         2

Your spell library contained the following spells:

 Spells                   Type           Power        Failure   Level
 Blink                    Tloc           N/A          17%         2
 Conjure Flame            Conj/Fire      4%           38%         3
 Mephitic Cloud           Conj/Pois/Air  3%           41%         3


Dungeon Overview and Level Annotations

Branches:
Dungeon (1/15)

Altars:


Innate Abilities, Weirdness & Mutations

You cannot wear most types of armour.
You are very stealthy in the water. (Stealth+)
You are amphibious.
You can wear up to eight rings at the same time.
You can use your tentacles to constrict eight enemies at once.
Your skin changes colour to match your surroundings (Stealth+).
Your rubbery body absorbs attacks. (AC +1, EV +1)


Message History

You see here a jackal corpse.
You hit the kobold but do no damage. You grab the kobold.
You constrict the kobold, but do no damage.
The kobold completely misses you. The kobold hits you with a +0 whip.
* * * LOW HITPOINT WARNING * * *
You take 2 damage, and have 4/21 hp.
You hit the kobold. You burn the kobold.
You squeeze the kobold, but do no damage.
The kobold is severely wounded.
You constrict the kobold, but do no damage.
The kobold hits you.
* * * LOW HITPOINT WARNING * * *
The kobold barely misses you.
You take 3 damage, and have 1/21 hp.
MP restored: 7 You hit the kobold but do no damage.
The kobold is severely wounded.
You constrict the kobold, but do no damage.
The kobold hits you.
You die...

#...#####.#####...
#...# #........#
##### ##.#####..#
#....###..# ##
#.........#...
#.##.###...#.#.
#.##.#...#.....
#######.#K(†......
#.....†K@(#.#####.
#.#####.###...
...# #### #####


You could see 2 kobolds.

Vanquished Creatures
  A dart slug (D:1)
  2 giant cockroaches (D:1)
  3 hobgoblins (D:1)
  4 jackals (D:1)
  4 kobolds (D:1)
  A bat (D:1)
  3 goblins (D:1)
  4 rats (D:1)
22 creatures vanquished.

Notes
Turn   | Place    | Note
-------+----------+-------------------------------------------
     0 | D:1      | kaeus the Octopode Hedge Wizard began the quest for the
                  | Orb.
     0 | D:1      | Reached XP level 1. HP: 11/11 MP: 4/4
   106 | D:1      | Reached XP level 2. HP: 3/17 MP: 3/6
   482 | D:1      | Learned a level 2 spell: Call Imp
   485 | D:1      | Learned a level 2 spell: Slow
   862 | D:1      | Reached XP level 3. HP: 13/21 MP: 5/7
   877 | D:1      | HP: 1/21 [kobold (3)]
   878 | D:1      | Slain by a kobold

Illustrated notes

Levels and vault maps discovered:
D:1:      zaba_arrival_water, layout_basic, minmay_strange_pillars,
          amcnicky_mini_corridor_feature

Skill      XL: |  1 |
---------------+----+-----
Stealth        | 3 |  3.4
Dodging        | |  2.1
Spellcasting   | |  3.2
Conjurations   | |  1.0
Hexes          | |  0.6
Summonings     | |  1.6
Translocations | |  1.0

Action                   || total
-------------------------++-------
Melee: Dagger            ||    47
       Tentacles         ||    12
       Constrict         ||    15
 Cast: Magic Dart        ||    27
Armor: Skin              ||     6
Dodge: Dodged            ||    42
